 Dungeon Crawl Stone Soup version 0.23-a0-269-g65e0026 (webtiles) character file.

39 mhoghedin the Skirmisher (level 3, -1/29 HPs)
             Began as a Mummy Fighter on Sept 30, 2018.
             Slain by an adder (3 damage)
             ... on level 3 of the Dungeon.
             The game lasted 00:01:56 (891 turns).

mhoghedin the Skirmisher (Mummy Fighter)             Turns: 891, Time: 00:01:57

Health: -1/29      AC:  7    Str: 19    XL:     3   Next: 28%
Magic:  3/3        EV:  7    Int:  7    God:
Gold:   41         SH:  9    Dex: 12    Spells: 2/2 levels left

rFire    x . .     SeeInvis .   a - +0 flail
rCold    + . .     Gourm    .   c - +0 shield
rNeg     + + +     Faith    .   b - +0 scale mail
rPois    ∞         Spirit   .   (no helmet)
rElec    .         Reflect  .   (no cloak)
rCorr    .         Harm     .   g - +0 pair of gloves
MR       .....                  (no boots)
Stlth    +.........             (no amulet)
HPRegen  0.09/turn              h - ring of stealth {Stlth+}
MPRegen  0.08/turn              (no ring)

@: no status effects
A: no food or potions, fire vulnerability, cold resistance 1, negative energy
resistance 3, torment resistance, unbreathing
a: no special abilities


You were on level 3 of the Dungeon.
You were not hungry.

You visited 1 branch of the dungeon, and saw 3 of its levels.

You collected 41 gold pieces.

Inventory:

Hand Weapons
 a - a +0 flail (weapon)
Armour
 b - a +0 scale mail (worn)
 c - a +0 shield (worn)
 g - a +0 pair of gloves (worn)
   (You found it on level 1 of the Dungeon)
Jewellery
 h - a ring of stealth (left hand) {Stlth+}
   (You found it on level 1 of the Dungeon)
Scrolls
 d - a scroll of teleportation {unknown}
 e - a scroll of identify {unknown}
 f - a scroll of immolation {unknown}
 i - a scroll of magic mapping {unknown}


   Skills:
 + Level 3.4 Fighting
 + Level 2.0 Maces & Flails
 + Level 2.7 Armour
 + Level 2.8 Shields


You had 2 spell levels left.
You didn't know any spells.
Your spell library was empty.

Dungeon Overview and Level Annotations

Branches:
Dungeon (3/15)

Altars:


Innate Abilities, Weirdness & Mutations

You do not eat or drink.
Your flesh is vulnerable to fire.
You are immune to poison.
Your flesh is cold resistant. (rC+)
You are immune to negative energy. (rN+++)
You are immune to unholy pain and torment.
You can survive without breathing.


Message History

No target in view!
No target in view!
No target in view!
No target in view!
No target in view!
You see here 10 sling bullets.
You see here a club.
Found a stone staircase leading down.
There is a stone staircase leading down here.
i - a scroll labeled GEUT ROTEFRI No target in view!
You see here a scale mail.
You see here a scale mail.
You see here a scale mail.
Done exploring.
Done exploring.
Done exploring.
(D) Dungeon
Where to? (? - help)
You see here a club.
There is a stone staircase leading down here.
You climb downwards.
There is a stone staircase leading up here.
You now have 41 gold pieces (gained 8).
You open the door.
A goblin comes into view. It is wielding a dagger.
The goblin shouts!
Found a stone staircase leading down.
There is an open door here.
You hit the goblin.
You kill the goblin!
No target in view!
No target in view!
No target in view!
No target in view!
No target in view!
No target in view!
No target in view!
No target in view!
Things that are here:
a dagger; a goblin corpse You see here a fizzy white potion.
An orc comes into view.
The orc moves out of view.
The orc is too close now for your liking.
An orc comes into view. It is wielding a whip.
The orc shouts!
You closely miss the orc. You block the orc's attack.
You closely miss the orc. The orc hits you but does no damage.
An orc priest comes into view. It is wielding a short sword.
The orc hits you.
You take 2 damage, and have 27/29 hp.
You closely miss the orc.
The orc priest shouts!
The orc barely misses you.
You hit the orc. The orc hits you but does no damage.
The orc priest invokes the aid of Beogh against you.
Beogh smites you!
You take 14 damage, and have 13/29 hp.
MASSIVE DAMAGE!!
The orc priest invokes the aid of Beogh against you.
Beogh smites you!
* * * LOW HITPOINT WARNING * * *
You take 9 damage, and have 4/29 hp.
MASSIVE DAMAGE!!
There is a stone staircase leading down here.
The orc closely misses you.
You climb downwards.
A leopard gecko and 5 orcs come into view.
The orc shouts! x5; The leopard gecko hisses angrily.
There is a stone staircase leading up here.
An adder comes into view.
The adder hisses angrily.
A kobold comes into view.
It is wielding an enchanted short sword.
You block the leopard gecko's attack. The orc closely misses you.
A rat comes into view.
You are too injured to fight recklessly!
You hit the leopard gecko.
You kill the leopard gecko!
You block the rat's attack.
You sock the rat!
You kill the rat!
You block the orc's attack.
You hit the orc but do no damage. You block the orc's attack.
You barely miss the orc. The orc closely misses you. The orc hits you.
* * * LOW HITPOINT WARNING * * *
You take 1 damage, and have 6/29 hp.
You hit the orc but do no damage. The orc barely misses you.
You closely miss the orc. The orc hits you.
* * * LOW HITPOINT WARNING * * *
The orc hits you.
* * * LOW HITPOINT WARNING * * *
You take 5 damage, and have 1/29 hp.
Unknown command.
You block the adder's attack. The adder barely misses you.
A rat comes into view.
The adder bites you.
You die...

.........##...o# #..# #
...........#.##..###.###
...........#.# #..#.....
#..........#.# #...#...
#....$.......# ##...##.
............#### #..<##.
#.........o.o..###......
#.........####.Ko..#....
..#.r[@S## #...#..o.##
##..### #..#.#.$.=..
....# #..##########
#..### #$.# #. #.# ^ #?
#


You could see an adder, 2 orcs and a rat.

Vanquished Creatures
  2 dart slugs (D:1)
  A leopard gecko (D:3)
  2 giant cockroaches (D:1)
  6 hobgoblins (D:1)
  2 jackals (D:1)
  3 bats (D:1)
  2 frilled lizards (D:1)
  7 goblins
  2 kobolds (D:1)
  6 rats
33 creatures vanquished.

Notes
Turn   | Place    | Note
-------+----------+-------------------------------------------
     0 | D:1      | mhoghedin the Mummy Fighter began the quest for the Orb.
     0 | D:1      | Reached XP level 1. HP: 18/18 MP: 1/1
    70 | D:1      | Reached XP level 2. HP: 24/24 MP: 2/2
   498 | D:1      | Reached skill level 2 in Maces & Flails
   498 | D:1      | Reached XP level 3. HP: 29/29 MP: 3/3
   846 | D:2      | HP: 4/29 [orc priest/divine providence (9)]
   872 | D:3      | HP: 6/29 [orc (1)]
   874 | D:3      | HP: 1/29 [orc (3)]
   891 | D:3      | Slain by an adder

Vault maps used:
D:1:      minmay_arrival_shattered_statue, minmay_tromino_v2
D:2:      lemuel_upstairs_altar
D:3:      marbit_many_paths, okawaru_gym_becter

Skill      XL: |  1  2 |
---------------+-------+-----
Maces & Flails | 2 |  2.0
Fighting       | |  3.4
Armour         | |  2.7
Shields        | |  2.8

Action                   || total
-------------------------++-------
Melee: Flail             ||    90
Armor: Scale mail        ||    32
Dodge: Dodged            ||    30
Block: Shield            ||    41

Table legend:
 A = Non-vault XP
 B = Vault XP
 C = Vault XP percentage of total XP
 D = Non-vault monster count
 E = Vault monster count
 F = Vault count percentage of total count
                 A         B        C        D         E       F
            +---------+---------+-------+---------+---------+-------
      Total |      54 |       3 |   5.3 |      31 |       2 |   6.1
            +---------+---------+-------+---------+---------+-------
        D:1 |      48 |       3 |   5.9 |      28 |       2 |   6.7
        D:2 |       2 |       0 |   0.0 |       1 |       0 |   0.0
        D:3 |       4 |       0 |   0.0 |       2 |       0 |   0.0
            +---------+---------+-------+---------+---------+-------

Vault maps used:
D:1:      minmay_arrival_shattered_statue, minmay_tromino_v2
D:2:      lemuel_upstairs_altar
D:3:      marbit_many_paths, okawaru_gym_becter

Table legend:
 A = Turns spent in this place as a percentage of turns spent in the entire game.
 B = Non-inter-level travel turns spent in this place as a percentage of non-inter-level travel turns spent in the entire game.
 C = Inter-level travel turns spent in this place as a percentage of turns spent in this place.
 D = Turns resting spent in this place as a percentage of non-inter-level travel turns spent in this place.
 E = Turns spent auto-exploring this place as a percentage of non-inter-level travel turns spent in this place.
 F = Non-inter-level travel turns spent in this place divided by the number of levels of this place that you've seen.
                   A       B       C       D       E      F
               +-------+-------+-------+-------+-------+----------------------
         Total | 100.0 | 100.0 |   2.7 |  11.6 |  64.0 | 289.0
       Dungeon | 100.0 | 100.0 |   2.7 |  11.6 |  64.0 | 289.0
               +-------+-------+-------+-------+-------+----------------------

Table legend:
 A = Kills in this place as a percentage of kills in entire the game.
 B = Kills by you in this place as a percentage of kills by you in the entire game.
 C = Kills by friends in this place as a percentage of kills by friends in the entire game.
 D = Other kills in this place as a percentage of other kills in the entire game.
 E = Experience gained in this place as a percentage of experience gained in the entire game.
 F = Experience gained in this place divided by the number of levels of this place that you have seen.
                   A       B       C       D       E      F
               +-------+-------+-------+-------+-------+----------------------
         Total | 100.0 | 100.0 |   N/A |   N/A | 100.0 |  19.0
       Dungeon | 100.0 | 100.0 |   N/A |   N/A | 100.0 |  19.0
               +-------+-------+-------+-------+-------+----------------------
